AoeStats
← Chico_zaldivar

Arabia

510619248Analyzed
1v1 RM · 1d ago on Oct 1, 2026· 27m 18s· 2 players
Game mode
Random Map
Map size
Tiny (2 player)
Population
200
Speed
Normal
Resources
Standard
Victory
Conquest
Starting age
Dark Age
Ending age
Imperial Age
RankedLock teamsTeams togetherTeam positionsShared explorationLock speedFull tech treeHidden civsTurbo modeCheats
Victory
Defeat
🇺🇸 Teutons · United States
878
+17
🇨🇱 Muisca · Chile
892
-37
Abominable Joeman
7:56 Loom
11:15 Feudal Age
16:16 Castle Age
16:25 Forging
17:42 Scale Barding Armor
23:42 Bloodlines
26:27 Iron Casting
26:59 Double-Bit Axe
Chico_zaldivar
0:52 Loom
11:56 Feudal Age
13:00 Double-Bit Axe
14:18 Champi Runner
17:52 Forging
17:43 Scale Mail Armor
18:24 Wheelbarrow
23:28 Town Watch
Connection lost

Rejoining the realm…

Still unreachable

The connection could not be restored.

Session expired

The server has moved on; the page needs a fresh start.